 Dungeon Crawl Stone Soup version 0.15.2 (webtiles) character file.

1976 HAWKINGL3623 the Covered (level 9, -5/79 HPs)
             Began as a Hill Orc Wanderer on May 16, 2016.
             Was a Priest of Zin.
             Slain by a killer bee (7 damage)
             ... on Level 7 of the Dungeon.
             The game lasted 00:33:23 (8519 turns).

HAWKINGL3623 the Covered (Hill Orc Wanderer)        Turns: 8519, Time: 00:33:23

HP  -5/79        AC 11     Str 16      XL: 9   Next: 20%
MP  12/12        EV 13     Int 13      God: Zin [***...]
Gold 374         SH  0     Dex 16      Spells:  0 memorised,  8 levels left

rFire  x . .     SeeInvis .     o - +1 short sword (elec)
rCold  + . .     Clarity  .     a - +2 scale mail
rNeg   . . .     rCorr    .     (no shield)
rPois  .         rRot     .     (no helmet)
rElec  .         Spirit   .     (no cloak)
SustAb .         Warding  .     (no gloves)
rMut   .         Stasis   .     r - +0 pair of boots
Gourm  +                        b - amulet of the gourmand
MR     +....                    n - ring of ice
                                g - ring of protection from magic

@: agile, lethally poisoned, somewhat resistant to hostile enchantments,
unstealthy
A: no striking features
a: Recite, Vitalisation, Imprison, Renounce Religion


You were on level 7 of the Dungeon.
You worshipped Zin.
Zin was most pleased with you.
You were not hungry.

You visited 2 branches of the dungeon, and saw 8 of its levels.

You collected 415 gold pieces.
You donated 41 gold pieces to Zin.

Inventory:

Hand weapons
 c - a +1 hand crossbow of flaming
 k - a +1 dagger of venom
 o - a +1 short sword of electrocution (weapon)
Missiles
 d - 38 bolts
 l - 13 poisoned bolts
Armour
 a - a +2 scale mail (worn)
 r - a +0 pair of boots (worn)
Magical devices
 t - a wand of paralysis (15)
Comestibles
 f - 2 meat rations
Scrolls
 e - 2 scrolls of recharging
 h - a scroll of remove curse
 j - 2 scrolls of identify
 p - a scroll of teleportation
 q - a scroll of blinking
 s - a scroll of magic mapping
Jewellery
 b - an amulet of the gourmand (around neck)
 g - a ring of protection from magic (left hand)
 n - a ring of ice (right hand)
Potions
 i - a potion of agility
 m - a potion of cancellation


   Skills:
 + Level 7.3 Fighting
 + Level 3.9 Short Blades
 + Level 3.8 Crossbows
 + Level 7.6 Armour
 + Level 4.4 Dodging
 + Level 2.1 Stealth
 + Level 2.3 Invocations
 + Level 1.0 Evocations


You had 8 spell levels left.
You didn't know any spells.

Dungeon Overview and Level Annotations

Branches:
Dungeon (7/15)             Temple (1/1) D:5

Altars:
Ashenzari
Cheibriados
Dithmenos
Elyvilon
Fedhas
Kikubaaqudgha
Makhleb
Nemelex Xobeh
Okawaru
Qazlal
Sif Muna
Trog
Vehumet
Xom
Yredelemnul
Zin
The Shining One

Shops:
D:5 =


Message History

Your scale mail prevents you from hitting the killer bee.
The killer bee is severely wounded.
* * * LOW HITPOINT WARNING * * *
You feel sick. The killer bee misses you. The killer bee barely misses you.
Your scale mail prevents you from hitting the killer bee.
The killer bee is severely wounded.
* * * LOW HITPOINT WARNING * * *
You feel sick. The killer bee closely misses you. The killer bee misses you.
You closely miss the killer bee.
The killer bee is severely wounded.
* * * LOW HITPOINT WARNING * * *
You feel sick. The killer bee barely misses you. The killer bee stings you.
* * * LOW HITPOINT WARNING * * *
You are more poisoned.
The killer bee poisons you!
You hit the killer bee.
The killer bee is severely wounded.
Zin protects you from harm! The killer bee barely misses you.
The killer bee stings you!
You die...

*,,,,,,,#.#### ##.## #.#
*,******#.##.# #..# #.#
*********#.##.# ##.# #.# ###
,,,,,,,,,#....# #.## #.# #..
,*******,####.# #..# #.#####.#
,*******,* #:# ##.###.#.....#
,,,,...#.####.# #..##.#.#####
*****#........########.##.#.#####
#...#####..@y(# #.##.#.#....
*****#,,,* #.###(# #./#...#.###
,,,,,*,,,****#.# *(# ##.#.###.#
****,*,,,,,,,..# *y# #...# #.#
*,,,*,,****#### *y# ##..# #.#
*,***,,** *y#####..###.#
*,,,,,,,* *.##....>....#
******,*** ******.##)#########
,,,,,,,* *,,,,,.*#)#


You could see a killer bee.

Vanquished Creatures
  Prince Ribbit (D:6)
  Edmund (D:6)
  A black bear (D:7)
  A phantom (D:7)
  3 ogres
  A centaur (D:6)
  Sigmund (D:5)
  A scorpion (D:4)
  4 killer bees (D:7)
  5 crimson imps
  A hound (D:4)
  2 giant frog zombies
  An orc priest (D:6)
  A giant frog skeleton (D:4)
  3 worker ants
  An iguana (D:7)
  A gnoll shaman (D:5)
  2 orc wizards
  Ijyb (D:2)
  Terence (D:2)
  8 gnolls
  6 adders
  A giant mite (D:3)
  An orc zombie (D:6)
  2 shadow imps
  3 worms
  An adder zombie (D:5)
  An adder skeleton (D:5)
  4 giant geckos
  An ooze (D:3)
  14 orcs
  6 bats
  5 giant cockroaches
  14 goblins
  9 hobgoblins
  16 jackals
  12 kobolds
  3 quokkas
  2 ball pythons (D:3)
  5 giant newts
  A goblin skeleton (D:4)
  8 rats
  3 ballistomycetes (D:6)
159 creatures vanquished.

Vanquished Creatures (others)
  A worm (D:4)
  A giant spore (D:6)
2 creatures vanquished.

Grand Total: 161 creatures vanquished

Notes
Turn   | Place    | Note
--------------------------------------------------------------
     0 | D:1      | HAWKINGL3623, the Hill Orc Wanderer, began the quest for the Orb.
     0 | D:1      | Reached XP level 1. HP: 22/22 MP: 1/1
   134 | D:1      | Reached skill level 5 in Fighting
   179 | D:1      | Reached XP level 2. HP: 27/29 MP: 2/2
  1291 | D:2      | Noticed Ijyb
  1304 | D:2      | Killed Ijyb
  1304 | D:2      | Reached XP level 3. HP: 34/36 MP: 3/3
  1321 | D:2      | Reached skill level 1 in Dodging
  1323 | D:2      | Noticed Terence
  1334 | D:2      | Killed Terence
  1478 | D:2      | Reached XP level 4. HP: 29/44 MP: 4/4
  2575 | D:3      | Reached XP level 5. HP: 50/50 MP: 5/5
  2875 | D:3      | Reached skill level 1 in Short Blades
  3534 | D:4      | Reached skill level 6 in Fighting
  3585 | D:4      | Reached XP level 6. HP: 50/57 MP: 7/7
  3676 | D:4      | Noticed a human
  3678 | D:4      | Found a basalt altar of Yredelemnul.
  3878 | D:5      | Entered Level 5 of the Dungeon
  3973 | D:5      | Found Psanuinu's Jewellery Shop.
  4022 | D:5      | Reached skill level 5 in Armour
  4548 | D:5      | Reached XP level 7. HP: 56/63 MP: 8/8
  4715 | D:5      | Found a staircase to the Ecumenical Temple.
  4724 | Temple   | Entered the Ecumenical Temple
  4770 | Temple   | Became a worshipper of Zin the Law-Giver
  4770 | Temple   | Acquired Zin's first power
  4965 | D:5      | Noticed Sigmund
  5048 | D:5      | Killed Sigmund
  5491 | D:5      | Reached skill level 1 in Invocations
  6088 | D:6      | Reached XP level 8. HP: 19/71 MP: 9/9
  6451 | D:6      | Noticed Edmund
  6469 | D:6      | Killed Edmund
  6581 | D:6      | Acquired Zin's second power
  6589 | D:6      | Noticed Prince Ribbit
  6615 | D:6      | Killed Prince Ribbit
  6615 | D:6      | Reached skill level 7 in Armour
  8108 | D:7      | Reached XP level 9. HP: 43/79 MP: 12/12
  8284 | D:7      | Acquired Zin's third power
  8400 | D:7      | Found a shadowy altar of Dithmenos.
  8518 | D:7      | HP: 2/79 [killer bee (2)]
  8519 | D:7      | Zin protects you from harm!
  8519 | D:7      | Slain by a killer bee

Action                   |  1- 3 |  4- 6 |  7- 9 || total
-------------------------+-------+-------+-------++-------
Melee: Dagger            |   144 |   236 |   336 ||   716
       Short sword       |       |       |   101 ||   101
       Hand crossbow     |       |       |     1 ||     1
 Fire: Hand crossbow     |     8 |    46 |    27 ||    81
Invok: Recite            |       |       |     2 ||     2
  Use: Scroll            |     4 |     8 |     6 ||    18
       Potion            |     2 |     4 |     3 ||     9
  Eat: Meat ration       |     1 |       |     1 ||     2
       Chunk             |       |     7 |     2 ||     9
       Fruit             |       |     1 |     1 ||     2
       Beef jerky        |       |       |     2 ||     2
       Bread ration      |       |       |     1 ||     1
